[Event "ICC tourney 2533 (25 5)"]
[Site "Internet Chess Club"]
[Date "2021.04.25"]
[Round "5"]
[White "SANKARANAARAYAN, HRUSHIKESH:K09-16322758"]
[Black "PARKS CHURCH, OWEN:K09-15268150"]
[Result "1-0"]
[ICCResult "Black checkmated"]
[WhiteElo "849"]
[BlackElo "1334"]
[Opening "Petrov's defense"]
[ECO "C42"]
[NIC "RG.03"]
[Time "11:01:16"]
[PlyCount "81"]
[TimeControl "1500+5"]

1. e4 e5 2. Nf3 Nf6 3. Nxe5 Nc6 4. Nxc6 dxc6 5. d3 Bc5 6. Be2 h5 7. c3 Bg4
8. f3 Be6 9. d4 Bb6 10. Be3 Qd7 11. O-O O-O-O 12. b4 h4 13. Nd2 h3 14. g3
Nh5 15. a4 a5 16. Nc4 Bxc4 17. Bxc4 Qd6 18. Rf2 g5 19. Bxf7 Nxg3 20. hxg3
Qxg3+ 21. Kh1 Rdf8 22. Qb3 g4 23. Rg1 Qh4 24. Rxg4 Qf6 25. Be6+ Kb8 26. Bg5
Qg7 27. bxa5 Bxa5 28. Bf4 Qf6 29. Be5 Qh6 30. Rb2 Qc1+ 31. Rg1 Qxb2 32.
Qxb2 Rh6 33. Bg4 Rg8 34. Rb1 b6 35. Qb3 Rgg6 36. Qf7 b5 37. axb5 Ka7 38.
Qa2 Kb6 39. bxc6+ Ka6 40. Bc8+ Ka7 41. Qxa5# { Black checkmated } 1-0

[Event "ICC tourney 2533 (25 5)"]
[Site "Internet Chess Club"]
[Date "2021.04.25"]
[Round "5"]
[White "DEVANGAN, ANMOL:K09-16768913"]
[Black "YANG, ANDREW:K09-16578406"]
[Result "0-1"]
[ICCResult "White checkmated"]
[WhiteElo "634"]
[BlackElo "1263"]
[Opening "Pirc: Byrne variation"]
[ECO "B07"]
[NIC "PU.09"]
[Time "11:03:30"]
[PlyCount "80"]
[TimeControl "1500+5"]

1. e4 d6 2. d4 Nf6 3. Nc3 g6 4. Bg5 Bg7 5. h3 h6 6. Bh4 O-O 7. Nf3 Nbd7 8.
Bc4 b6 9. O-O Bb7 10. Re1 e5 11. dxe5 Nxe5 12. Nxe5 dxe5 13. Nd5 c6 14.
Nxf6+ Bxf6 15. Qxd8 Bxd8 16. Bxd8 Raxd8 17. f3 Rd2 18. Bb3 Rfd8 19. Rab1
Ba6 20. Kh2 Rf2 21. Kg3 Rdd2 22. Rg1 c5 23. c4 Rxb2 24. Rxb2 Rxb2 25. Rd1
Kg7 26. Rd7 Bc8 27. Rxa7 Rd2 28. Rc7 Be6 29. Rc6 Rd4 30. Rxb6 Bxc4 31. Bxc4
Rxc4 32. Ra6 Rc2 33. a4 Ra2 34. a5 c4 35. Rc6 Rxa5 36. Rxc4 g5 37. Kg4 Kg6
38. Rc6+ f6 39. Rc7 Ra2 40. g3 h5# { White checkmated } 0-1

[Event "ICC tourney 2533 (25 5)"]
[Site "Internet Chess Club"]
[Date "2021.04.25"]
[Round "5"]
[White "HUANG, LULU:K09-15214738"]
[Black "WENZHI GUO, MICHAEL:K09-16316494"]
[Result "1-0"]
[ICCResult "Black resigns"]
[WhiteElo "1414"]
[BlackElo "914"]
[Opening "Dutch"]
[ECO "A80"]
[NIC "HD.12"]
[Time "11:02:08"]
[PlyCount "51"]
[TimeControl "1500+5"]

1. d4 f5 2. Nf3 e6 3. e3 Nf6 4. Bd3 Qe7 5. O-O Nc6 6. b3 Nb4 7. Bc4 d5 8.
Bb5+ c6 9. Be2 Qf7 10. Ne5 Qc7 11. a3 Na6 12. Bb2 Bd6 13. Nd2 O-O 14. f4
Nb8 15. h3 Ne4 16. Nxe4 fxe4 17. g4 c5 18. g5 Nd7 19. h4 cxd4 20. exd4 Rf5
21. Bg4 Nxe5 22. dxe5 Bc5+ 23. Kh2 Rf7 24. h5 Be3 25. Bc1 Qc4 26. bxc4 {
Black resigns } 1-0

[Event "ICC tourney 2533 (25 5)"]
[Site "Internet Chess Club"]
[Date "2021.04.25"]
[Round "5"]
[White "BHEEMAVARAPU, SREEKAR:K09-16737643"]
[Black "SU, THEODORE:K09-16995458"]
[Result "1-0"]
[ICCResult "Black checkmated"]
[WhiteElo "754"]
[BlackElo "1279"]
[Opening "Sicilian: Scheveningen, English variation"]
[ECO "B90"]
[NIC "SI.14"]
[Time "11:01:01"]
[PlyCount "53"]
[TimeControl "1500+5"]

1. e4 c5 2. Nf3 d6 3. d4 cxd4 4. Nxd4 Nf6 5. Nc3 a6 6. Be3 e6 7. Qd2 Be7 8.
Bd3 Qc7 9. O-O Nc6 10. Nf3 O-O 11. a3 b5 12. h3 Bb7 13. Rfe1 Rfd8 14. Ne2
d5 15. exd5 Nxd5 16. Nf4 Nxe3 17. Qxe3 Bf6 18. c3 Na5 19. Rad1 Nc4 20. Bxc4
Qxc4 21. Nh5 Be7 22. Ne5 Qc7 23. Qg3 Bf8 24. Rxd8 Rxd8 25. Re3 Qd6 26. Nf6+
Kh8 27. Nxf7# { Black checkmated } 1-0

[Event "ICC tourney 2533 (25 5)"]
[Site "Internet Chess Club"]
[Date "2021.04.25"]
[Round "5"]
[White "KOLLI, SIVA:K09-16953345"]
[Black "GARAG, SHASHANK:K09-17125451"]
[Result "1-0"]
[ICCResult "Black resigns"]
[WhiteElo "181"]
[BlackElo "712"]
[Opening "Two knights defense"]
[ECO "C58"]
[NIC "KP.01"]
[Time "11:01:46"]
[PlyCount "97"]
[TimeControl "1500+5"]

1. e4 e5 2. Nf3 Nc6 3. Bc4 Nf6 4. Ng5 d5 5. exd5 Na5 6. Bb5+ c6 7. dxc6
Nxc6 8. Nc3 h6 9. Nf3 Bd6 10. d3 O-O 11. h3 Bf5 12. O-O Bd7 13. Be3 a6 14.
Ba4 b5 15. Bb3 Bb4 16. Qd2 a5 17. a3 Bxc3 18. Qxc3 a4 19. Ba2 e4 20. dxe4
Nxe4 21. Qd3 Bf5 22. Qxd8 Raxd8 23. Rad1 Rfe8 24. Bd5 Ne7 25. Ba2 Nf6 26.
Nd4 Rc8 27. Nxf5 Nxf5 28. c3 Nxe3 29. fxe3 Rxe3 30. Rfe1 Rxe1+ 31. Rxe1 Nd5
32. Bxd5 Rd8 33. Bc6 Rd2 34. Bxb5 Rxb2 35. Bxa4 Ra2 36. Re8+ Kh7 37. c4
Rxa3 38. Bb5 Rb3 39. Kh2 h5 40. g4 h4 41. Ba4 Ra3 42. Bc2+ g6 43. Re7 Rc3
44. Rxf7+ Kh6 45. Bb1 Rxc4 46. Rf6 Kh7 47. Bxg6+ Kg8 48. Bf7+ Kh8 49. Bxc4
{ Black resigns } 1-0

[Event "ICC tourney 2533 (25 5)"]
[Site "Internet Chess Club"]
[Date "2021.04.25"]
[Round "5"]
[White "SRIKAR MEDIDA, ABHIJAY:K09-17135175"]
[Black "CATLIN, CHRISTIAN:K09-17355105"]
[Result "0-1"]
[ICCResult "White resigns"]
[WhiteElo "312"]
[BlackElo "805"]
[Opening "King's pawn game"]
[ECO "C50"]
[NIC "IG.03"]
[Time "11:00:17"]
[PlyCount "60"]
[TimeControl "1500+5"]

1. e4 e5 2. Nf3 Nc6 3. Bc4 h6 4. c3 Nf6 5. d4 exd4 6. cxd4 Nxe4 7. O-O d5
8. Bd3 Bg4 9. h3 Bxf3 10. Qxf3 Nxd4 11. Qe3 Nf5 12. Qf4 Nfd6 13. Re1 Be7
14. f3 Ng5 15. Qa4+ c6 16. Bd2 O-O 17. Nc3 Bf6 18. Bb1 Qb6+ 19. Be3 Qxb2
20. Qc2 Qxa1 21. Bxg5 g6 22. Bxh6 Qxc3 23. Bxf8 Qxe1+ 24. Kh2 Be5+ 25. g3
Qxg3+ 26. Kh1 Rxf8 27. Qe2 Qh2+ 28. Qxh2 Bxh2 29. Kxh2 Re8 30. Bc2 Re2+ {
White resigns } 0-1

[Event "ICC tourney 2533 (25 5)"]
[Site "Internet Chess Club"]
[Date "2021.04.25"]
[Round "5"]
[White "GIBSON DAVIS, ZACHARY:K09-15656534"]
[Black "JAIN, RAJNEESH:K09-16887466"]
[Result "0-1"]
[ICCResult "White resigns"]
[WhiteElo "753"]
[BlackElo "1246"]
[Opening "Philidor's defense"]
[ECO "C41"]
[NIC "KP.10"]
[Time "11:03:35"]
[PlyCount "70"]
[TimeControl "1500+5"]

1. e4 e5 2. Nf3 d6 3. Nc3 Nf6 4. Bc4 Be7 5. d3 c6 6. Be3 d5 7. Bb3 d4 8.
Nxe5 O-O 9. Bxd4 Qxd4 10. f4 Nbd7 11. Qf3 Nxe5 12. fxe5 Qxe5 13. O-O-O Bg4
14. Qf2 Bxd1 15. Rxd1 Qg5+ 16. Kb1 Rad8 17. Rg1 Ng4 18. Qg3 Bd6 19. Qh3 h6
20. Rf1 Rd7 21. e5 Bxe5 22. Ne4 Qg6 23. Nc5 Re7 24. c3 b6 25. Ne4 Nxh2 26.
Rf5 Ng4 27. Qf3 Nf6 28. d4 Nxe4 29. Qxe4 Bf6 30. Qf4 Bg5 31. Qg4 Re1+ 32.
Kc2 Re2+ 33. Kd3 Rd2+ 34. Kc4 b5+ 35. Kb4 Be7+ { White resigns } 0-1

[Event "ICC tourney 2533 (25 5)"]
[Site "Internet Chess Club"]
[Date "2021.04.25"]
[Round "5"]
[White "AHMED JEELANI, SAIF:K09-17150207"]
[Black "FISCHER, LUCAS:K09-17258553"]
[Result "1-0"]
[ICCResult "Black checkmated"]
[WhiteElo "868"]
[BlackElo "385"]
[Opening "Scandinavian (center counter) defense"]
[ECO "B01"]
[NIC "SD.02"]
[Time "11:02:30"]
[PlyCount "157"]
[TimeControl "1500+5"]

1. e4 d5 2. exd5 Qxd5 3. Nc3 Qd8 4. d4 e6 5. Nf3 Nc6 6. Bf4 Nf6 7. a3 Bd6
8. Bxd6 cxd6 9. Bd3 Bd7 10. Qe2 Qe7 11. O-O-O O-O-O 12. Rhe1 Rhe8 13. Nb5
Ng4 14. h3 Nf6 15. a4 Nb4 16. Nxa7+ Kb8 17. Nb5 Na2+ 18. Kb1 Nb4 19. c3
Nxd3 20. Qxd3 g6 21. Qc4 Rc8 22. Qb4 d5 23. Qa5 Bxb5 24. Qxb5 Qd7 25. Qxd7
Nxd7 26. Ne5 Nxe5 27. Rxe5 Ka7 28. Ka2 Ka6 29. Ka3 Ka5 30. b4+ Ka6 31. Kb3
b6 32. Rd3 Rc7 33. Rg5 Rec8 34. Rg4 h5 35. Rf4 b5 36. axb5+ Kxb5 37. Rdf3
Rf8 38. g4 hxg4 39. hxg4 f5 40. gxf5 gxf5 41. Rh4 Rg7 42. Rh6 Re8 43. Re3
Rge7 44. Re1 e5 45. dxe5 Rxe5 46. Rxe5 Rxe5 47. Rh5 Kc6 48. f4 Re4 49. Rxf5
Kd6 50. Rf8 Ke7 51. Rh8 Rxf4 52. Rh7+ Rf7 53. Rxf7+ Kxf7 54. c4 Ke6 55.
cxd5+ Kxd5 56. Ka4 Kc6 57. Ka5 Kb7 58. Kb5 Kb8 59. Kc6 Ka8 60. Kb6 Kb8 61.
b5 Ka8 62. Kc7 Ka7 63. b6+ Ka6 64. b7 Kb5 65. b8=Q+ Kc5 66. Qd8 Kb4 67.
Qd6+ Kc4 68. Kd7 Kb5 69. Qc6+ Kb4 70. Kc7 Kb3 71. Qc5 Kb2 72. Qc4 Kb1 73.
Qc3 Ka2 74. Qb4 Ka1 75. Kc6 Ka2 76. Kc5 Ka1 77. Kc4 Ka2 78. Kc3 Ka1 79.
Qb2# { Black checkmated } 1-0

[Event "ICC tourney 2533 (25 5)"]
[Site "Internet Chess Club"]
[Date "2021.04.25"]
[Round "5"]
[White "SHRIGADI, ARYAN:K09-15491764"]
[Black "MAHESHWARI, JAYANT:K09-14966376"]
[Result "0-1"]
[ICCResult "White resigns"]
[WhiteElo "1454"]
[BlackElo "2059"]
[Opening "Ruy Lopez: closed, Bogolyubov variation"]
[ECO "C91"]
[NIC "RL.20"]
[Time "11:03:46"]
[PlyCount "56"]
[TimeControl "1500+5"]

1. e4 e5 2. Nf3 Nc6 3. Bb5 a6 4. Ba4 Nf6 5. O-O Be7 6. Re1 b5 7. Bb3 O-O 8.
d4 d6 9. c3 Bg4 10. Be3 exd4 11. cxd4 Na5 12. Bc2 Nc4 13. b3 Nxe3 14. Rxe3
c5 15. d5 Nd7 16. h3 Bxf3 17. Qxf3 Bf6 18. Nc3 b4 19. Rae1 Bxc3 20. R1e2
Bd4 21. Qg4 Ne5 22. Qh5 Bxe3 23. Rxe3 Qf6 24. g3 g6 25. Qe2 Rfe8 26. f4 Nd7
27. h4 Qd4 28. Kg2 Nf6 { White resigns } 0-1

[Event "ICC tourney 2533 (25 5)"]
[Site "Internet Chess Club"]
[Date "2021.04.25"]
[Round "5"]
[White "GARZA, ISABELLA:K09-15183191"]
[Black "ENRIQUEZ, EULALIO:K09-16621387"]
[Result "0-1"]
[ICCResult "White checkmated"]
[WhiteElo "461"]
[BlackElo "1071"]
[Opening "Sicilian defense"]
[ECO "B30"]
[NIC "SI.31"]
[Time "11:01:46"]
[PlyCount "80"]
[TimeControl "1500+5"]

1. e4 c5 2. Nf3 Nc6 3. Nc3 Nf6 4. Bc4 d6 5. d3 e5 6. Be3 Nd4 7. O-O Be7 8.
Nd5 Nxd5 9. Bxd5 Bg4 10. Bxb7 Rb8 11. Bd5 Rxb2 12. Bxd4 exd4 13. Bc6+ Bd7
14. Bxd7+ Qxd7 15. Ne5 dxe5 16. Rb1 Rxb1 17. Qxb1 O-O 18. c4 dxc3 19. Qc1
Qxd3 20. Re1 Qd2 21. Qa1 c2 22. Rc1 Bg5 23. Rxc2 Qxc2 24. h3 Bf4 25. g3
Qc1+ 26. Qxc1 Bxc1 27. Kg2 Rc8 28. Kf3 c4 29. Ke2 c3 30. Kd1 Bd2 31. Kc2
Be1 32. f3 Bxg3 33. a3 a5 34. a4 Rc7 35. h4 Bxh4 36. f4 f6 37. f5 Bg5 38.
Kd1 c2+ 39. Ke2 c1=Q 40. Kd3 Qe3# { White checkmated } 0-1

[Event "ICC tourney 2533 (25 5)"]
[Site "Internet Chess Club"]
[Date "2021.04.25"]
[Round "5"]
[White "KANKEYAN, RISHEETH:K09-16597998"]
[Black "SKY MOERLIEN, PUWIT:K09-15664335"]
[Result "0-1"]
[ICCResult "White resigns"]
[WhiteElo "1055"]
[BlackElo "1671"]
[Opening "Scotch game"]
[ECO "C45"]
[NIC "SO.05"]
[Time "11:00:30"]
[PlyCount "82"]
[TimeControl "1500+5"]

1. e4 e5 2. Nf3 Nc6 3. d4 exd4 4. Nxd4 Bc5 5. Be3 Qf6 6. c3 Nge7 7. Nxc6
Bxe3 8. fxe3 Nxc6 9. Bc4 Qh4+ 10. g3 Qxe4 11. Bd5 Qxe3+ 12. Qe2 Qxe2+ 13.
Kxe2 O-O 14. Rf1 Ne5 15. Nd2 c6 16. Bg2 d5 17. Nf3 Bg4 18. Rae1 Nxf3 19.
Bxf3 Bxf3+ 20. Rxf3 Rae8+ 21. Kf2 Rxe1 22. Kxe1 Re8+ 23. Kf2 f6 24. Rd3 Kf7
25. Kf3 Re1 26. Rd4 Re5 27. Rb4 b6 28. Ra4 Re7 29. Rh4 h6 30. Ra4 Ke6 31.
Kf4 g6 32. Kf3 h5 33. h4 g5 34. b3 Kf5 35. a3 a5 36. c4 Re4 37. cxd5 Rxa4
38. dxc6 Rxa3 39. c7 Rxb3+ 40. Kg2 Rc3 41. c8=Q+ Rxc8 { White resigns } 0-1

[Event "ICC tourney 2533 (25 5)"]
[Site "Internet Chess Club"]
[Date "2021.04.25"]
[Round "5"]
[White "PRANAV SOMAROUTHU, SREE:K09-16401676"]
[Black "MURUGAN AYYAPPAN, ADHIRAIYAN:K09-16024678"]
[Result "1-0"]
[ICCResult "Black checkmated"]
[WhiteElo "834"]
[BlackElo "1309"]
[Opening "QGD semi-Slav: 5...Nd7"]
[ECO "D45"]
[NIC "SL.08"]
[Time "11:04:00"]
[PlyCount "77"]
[TimeControl "1500+5"]

1. d4 d5 2. c4 e6 3. Nc3 Nf6 4. e3 c6 5. Nf3 Nbd7 6. Be2 Bd6 7. c5 Bc7 8.
O-O b6 9. Ne5 Nxe5 10. dxe5 Bxe5 11. cxb6 axb6 12. Qb3 c5 13. Bb5+ Bd7 14.
Bxd7+ Nxd7 15. Bd2 O-O 16. f4 Bd6 17. Rf3 c4 18. Qc2 Nf6 19. Nb5 Bc5 20.
Bc3 Ne4 21. Rh3 Qd7 22. a4 Qxb5 23. Qe2 Qd7 24. Qh5 h6 25. Qg4 Nxc3 26.
bxc3 Kh7 27. Rg3 g6 28. Rh3 h5 29. Qg5 Rg8 30. Rf1 Rxa4 31. Rff3 Ra1+ 32.
Kf2 Ra2+ 33. Kg1 Be7 34. Rxh5+ gxh5 35. Qxh5+ Kg7 36. Rg3+ Kf8 37. Qh6+ Ke8
38. Rxg8+ Bf8 39. Qxf8# { Black checkmated } 1-0

[Event "ICC tourney 2533 (25 5)"]
[Site "Internet Chess Club"]
[Date "2021.04.25"]
[Round "5"]
[White "LI, EDWARD:K09-16292831"]
[Black "MENON, ROHAN:K09-17197867"]
[Result "1-0"]
[ICCResult "Black checkmated"]
[WhiteElo "1595"]
[BlackElo "741"]
[Opening "Caro-Kann: Bronstein-Larsen variation"]
[ECO "B16"]
[NIC "CK.07"]
[Time "11:00:45"]
[PlyCount "53"]
[TimeControl "1500+5"]

1. e4 c6 2. d4 d5 3. Nc3 dxe4 4. Nxe4 Nf6 5. Nxf6+ gxf6 6. c3 Bf5 7. Nf3 e6
8. Nh4 Bg6 9. Nxg6 hxg6 10. Be3 Bd6 11. g3 Qc7 12. Bg2 Nd7 13. Qe2 O-O-O
14. O-O-O Qa5 15. Kb1 Nb6 16. c4 Na4 17. Rd3 Bb4 18. a3 Be7 19. h3 c5 20.
d5 exd5 21. Bxd5 Qb6 22. Qc2 f5 23. Qxa4 Bf6 24. Rb3 Qd6 25. Qxa7 Kd7 26.
Qxb7+ Ke8 27. Qxf7# { Black checkmated } 1-0

[Event "ICC tourney 2533 (25 5)"]
[Site "Internet Chess Club"]
[Date "2021.04.25"]
[Round "5"]
[White "KAPLAN, AVI:K09-15263943"]
[Black "UPADHYAY, PUNYAVRAT:K09-15975172"]
[Result "1-0"]
[ICCResult "Black resigns"]
[WhiteElo "2116"]
[BlackElo "1546"]
[Opening "King's Indian: Kramer system"]
[ECO "E70"]
[NIC "KI.31"]
[Time "11:02:27"]
[PlyCount "63"]
[TimeControl "1500+5"]

1. d4 Nf6 2. c4 g6 3. Nc3 Bg7 4. e4 d6 5. Nge2 O-O 6. Ng3 e5 7. d5 Nbd7 8.
h4 h5 9. Bg5 a5 10. Be2 Nc5 11. Bxh5 gxh5 12. Nxh5 Kh8 13. Nxg7 Kxg7 14.
Qf3 Rg8 15. O-O-O a4 16. h5 Ncd7 17. Rh3 Kh7 18. Qf5+ Kg7 19. Rf3 Ra6 20.
h6+ Kf8 21. Bxf6 Nxf6 22. Qxf6 Qxf6 23. Rxf6 Rg6 24. Rxg6 fxg6 25. h7 Kg7
26. Rh1 Kh8 27. Nb5 b6 28. Nxc7 Ra7 29. Ne8 Rxh7 30. Rxh7+ Kxh7 31. Nxd6
Bd7 32. Nf7 { Black resigns } 1-0

[Event "ICC tourney 2533 (25 5)"]
[Site "Internet Chess Club"]
[Date "2021.04.25"]
[Round "5"]
[White "BHOOMA, HRISHI:K09-15435134"]
[Black "ELLIE WANG, YINGYUAN:K09-16257406"]
[Result "1-0"]
[ICCResult "Black checkmated"]
[WhiteElo "1064"]
[BlackElo "507"]
[Opening "Giuoco Piano"]
[ECO "C54"]
[NIC "IG.02"]
[Time "11:02:28"]
[PlyCount "33"]
[TimeControl "1500+5"]

1. e4 e5 2. Nf3 Nc6 3. Bc4 Bc5 4. c3 Nf6 5. d4 exd4 6. cxd4 Bb6 7. Bg5 O-O
8. e5 Re8 9. O-O d6 10. exf6 gxf6 11. Bh6 Bg4 12. h3 Bf5 13. Nh4 Bd7 14.
Qf3 Nxd4 15. Qg3+ Bg4 16. Qxg4+ Kh8 17. Qg7# { Black checkmated } 1-0

[Event "ICC tourney 2533 (25 5)"]
[Site "Internet Chess Club"]
[Date "2021.04.25"]
[Round "5"]
[White "EILEEN MILLER, ANNA:K09-16812002"]
[Black "GUPTA, SANAT:K09-16396482"]
[Result "0-1"]
[ICCResult "White checkmated"]
[WhiteElo "586"]
[BlackElo "1224"]
[Opening "Sicilian"]
[ECO "B50"]
[NIC "SI.01"]
[Time "11:02:38"]
[PlyCount "86"]
[TimeControl "1500+5"]

1. e4 c5 2. Nf3 d6 3. Nc3 a6 4. a4 Nf6 5. Bc4 e6 6. e5 dxe5 7. Nxe5 Qd4 8.
Qe2 Bd6 9. Nf3 Qg4 10. Rg1 e5 11. h3 Qh5 12. d3 h6 13. Bd2 O-O 14. O-O-O
Re8 15. Rde1 Nc6 16. Ne4 Nxe4 17. dxe4 Qg6 18. Nh4 Qf6 19. Nf3 Bd7 20. Nh2
Nd4 21. Qe3 Bxa4 22. b3 Bc6 23. c3 b5 24. cxd4 cxd4 25. Qf3 Qxf3 26. gxf3
bxc4 27. bxc4 Kh7 28. Rg2 Ba3+ 29. Kd1 Ba4+ 30. Ke2 Bb3 31. Kd3 Rec8 32. c5
Rxc5 33. Reg1 Bc4+ 34. Kc2 Bf1+ 35. Kb3 Bxg2 36. Rxg2 Bc1 37. Bb4 Rb8 38.
Rg1 Rc3+ 39. Ka4 Rc4 40. Ka5 Bg5 41. Rb1 Bd8+ 42. Kxa6 Rcxb4 43. Ra1 Ra8# {
White checkmated } 0-1

[Event "ICC tourney 2533 (25 5)"]
[Site "Internet Chess Club"]
[Date "2021.04.25"]
[Round "5"]
[White "WANG, ETHAN:K09-15914623"]
[Black "MUTHUKUMARAN, ARJUN:K09-30018527"]
[Result "1-0"]
[ICCResult "Black checkmated"]
[WhiteElo "1409"]
[BlackElo "914"]
[Opening "Sicilian: accelerated fianchetto, modern variation"]
[ECO "B34"]
[NIC "SI.33"]
[Time "11:01:06"]
[PlyCount "57"]
[TimeControl "1500+5"]

1. e4 c5 2. Nf3 g6 3. d4 cxd4 4. Nxd4 Nc6 5. Nc3 Bg7 6. Be3 Nf6 7. f3 O-O
8. Bc4 Na5 9. Bb3 Nxb3 10. axb3 a6 11. Qd2 Rb8 12. O-O-O b5 13. Kb1 Qc7 14.
g4 b4 15. Na2 a5 16. h4 h5 17. gxh5 Nxh5 18. Rhg1 Ba6 19. Bh6 Rfc8 20. Bxg7
Kxg7 21. Rc1 Qc5 22. Nf5+ Kg8 23. Qh6 Qe5 24. Qxh5 Qf6 25. Qh6 a4 26. h5
axb3 27. hxg6 bxa2+ 28. Ka1 Qh8 29. Nxe7# { Black checkmated } 1-0

[Event "ICC tourney 2533 (25 5)"]
[Site "Internet Chess Club"]
[Date "2021.04.25"]
[Round "5"]
[White "MARTIN, DREW:K09-16062286"]
[Black "KONSTANTAKOS, CHRISTOS:K09-17130487"]
[Result "1-0"]
[ICCResult "Black resigns"]
[WhiteElo "1903"]
[BlackElo "1447"]
[Opening "Ruy Lopez: closed, 7...O-O"]
[ECO "C88"]
[NIC "RL.17"]
[Time "11:00:37"]
[PlyCount "51"]
[TimeControl "1500+5"]

1. e4 e5 2. Nf3 Nc6 3. Bb5 a6 4. Ba4 b5 5. Bb3 Be7 6. O-O Nf6 7. Re1 O-O 8.
d4 exd4 9. e5 Ng4 10. Nxd4 Ngxe5 11. Bd5 Bf6 12. c3 Rb8 13. f4 Ng6 14. Nf3
Bb7 15. Be3 d6 16. Nbd2 Nce7 17. Bxb7 Rxb7 18. Ne4 Nf5 19. Qd5 Rb8 20. Qxf5
Be7 21. Qh5 h6 22. Nd4 Qd7 23. Qf5 Qe8 24. Qh3 c5 25. Nf5 Qd7 26. Nxh6+ {
Black resigns } 1-0

[Event "ICC tourney 2533 (25 5)"]
[Site "Internet Chess Club"]
[Date "2021.04.25"]
[Round "5"]
[White "HAN, JOHNNY:K09-15484292"]
[Black "LEE, JAYDEN:K09-15757981"]
[Result "0-1"]
[ICCResult "White resigns"]
[WhiteElo "1522"]
[BlackElo "2106"]
[Opening "Ruy Lopez: exchange variation, Alapin gambit"]
[ECO "C68"]
[NIC "RL.08"]
[Time "11:03:57"]
[PlyCount "70"]
[TimeControl "1500+5"]

1. e4 e5 2. Nf3 Nc6 3. Bb5 a6 4. Bxc6 dxc6 5. O-O Bg4 6. h3 h5 7. d3 Qf6 8.
Bg5 Bxf3 9. Bxf6 Bxd1 10. Bxe5 Bxc2 11. Bxc7 Bxd3 12. Rd1 Bxb1 13. Raxb1
Be7 14. Bb6 Nf6 15. e5 Nd5 16. Bd4 O-O 17. Rd3 Nf4 18. Re3 Rad8 19. Bc3 Nd5
20. Rg3 Nxc3 21. Rxc3 Rd5 22. f4 Bc5+ 23. Kh2 h4 24. Rbc1 Bf2 25. Rf1 Bg3+
26. Kh1 Rfd8 27. Rcc1 Rd2 28. Rb1 Re2 29. a4 Rdd2 30. Rg1 Rxb2 31. Rxb2
Rxb2 32. Rf1 Re2 33. Kg1 Re1 34. Rxe1 Bxe1 35. Kf1 Bg3 { White resigns }
0-1

[Event "ICC tourney 2533 (25 5)"]
[Site "Internet Chess Club"]
[Date "2021.04.25"]
[Round "5"]
[White "MADIRAJU, RISHI:K09-16477316"]
[Black "MICHAEL JONES, RILEY:K09-16250692"]
[Result "1-0"]
[ICCResult "Black checkmated"]
[WhiteElo "1496"]
[BlackElo "940"]
[Opening "Queen's pawn game, Chigorin variation"]
[ECO "A04"]
[NIC "QP.11"]
[Time "11:02:08"]
[PlyCount "103"]
[TimeControl "1500+5"]

1. Nf3 Nc6 2. d4 d5 3. c4 Bf5 4. cxd5 Qxd5 5. Nc3 Qd7 6. e4 Bg4 7. d5 Ne5
8. Nxe5 Bxd1 9. Nxd7 Kxd7 10. Kxd1 Rd8 11. Bf4 Nf6 12. Kc2 Kc8 13. Nb5 Nxe4
14. Nxc7 Nxf2 15. Rg1 e6 16. Bc4 Bd6 17. Bxd6 Rxd6 18. Nb5 Rb6 19. Rgf1 Ng4
20. d6 Ne3+ 21. Kc3 Nxf1 22. Rxf1 a6 23. Nc7 Rxd6 24. Rxf7 Rc6 25. Nxe6 Re8
26. Rf8 Rxf8 27. Nxf8 b5 28. Kd4 Rxc4+ 29. Kd3 Rh4 30. h3 g5 31. Ne6 g4 32.
Ng5 gxh3 33. Nxh3 Kd7 34. Ke3 h5 35. Nf4 Kd6 36. Kf3 Rg4 37. Nxh5 Rc4 38.
g4 Rc2 39. g5 Rxb2 40. g6 Rb1 41. g7 Rg1 42. Ng3 Ra1 43. g8=Q Kc5 44. Qg5+
Kb4 45. Qe7+ Ka4 46. Ne2 b4 47. Qd7+ Ka3 48. Nd4 Rxa2 49. Qc6 a5 50. Qc5
Kb2 51. Qc2+ Ka3 52. Nb5# { Black checkmated } 1-0

[Event "ICC tourney 2533 (25 5)"]
[Site "Internet Chess Club"]
[Date "2021.04.25"]
[Round "5"]
[White "GHOSH, PRARTHAN:K09-15038196"]
[Black "PAN, STEVEN:K09-15963582"]
[Result "1-0"]
[ICCResult "Black checkmated"]
[WhiteElo "1916"]
[BlackElo "1456"]
[Opening "Queen's bishop game"]
[ECO "D02"]
[NIC "QP.08"]
[Time "11:01:46"]
[PlyCount "121"]
[TimeControl "1500+5"]

1. d4 d5 2. Nf3 Nf6 3. Bf4 e6 4. e3 Nbd7 5. Bd3 Be7 6. Nbd2 O-O 7. Qe2 c5
8. c3 b6 9. Ne5 Nxe5 10. dxe5 Nd7 11. Bg3 Bh4 12. Qh5 g6 13. Qxh4 Qxh4 14.
Bxh4 Nxe5 15. Be2 Kg7 16. f4 Nd7 17. Nf3 f6 18. O-O a6 19. Rfd1 Rf7 20.
Rac1 c4 21. e4 dxe4 22. Nd2 Bb7 23. Nxc4 Re7 24. Bf2 b5 25. Na5 Bd5 26. c4
bxc4 27. Bxc4 Bxc4 28. Nxc4 Rb8 29. b3 f5 30. Rd6 Ra8 31. Rcd1 Nf6 32. Nb6
Rc8 33. Nxc8 Rc7 34. Nb6 Rc2 35. Nd7 Nxd7 36. Rxd7+ Kh6 37. R7d2 Rc8 38.
Rd6 Rc2 39. Rxa6 Kh5 40. Ra7 Kg4 41. g3 Kf3 42. Rf1 e3 43. Bxe3+ Kxe3 44.
Rxh7 Rxa2 45. Rh6 Rb2 46. Rxg6 Rxb3 47. Rxe6+ Kd2 48. Re5 Rd3 49. Rxf5 Ke3
50. Re5+ Kd4 51. Re7 Kc4 52. f5 Rd8 53. f6 Rf8 54. f7 Kd5 55. Re8 Kd6 56.
Rxf8 Ke7 57. Re8+ Kd7 58. f8=Q Kc6 59. Qf6+ Kd7 60. Re7+ Kd8 61. Qf8# {
Black checkmated } 1-0

[Event "ICC tourney 2533 (25 5)"]
[Site "Internet Chess Club"]
[Date "2021.04.25"]
[Round "5"]
[White "BUTLER, BETTY:K09-17283280"]
[Black "YANG XIAO, STEPHEN:K09-16490714"]
[Result "0-1"]
[ICCResult "White checkmated"]
[WhiteElo "357"]
[BlackElo "1612"]
[Opening "French: Schlechter variation"]
[ECO "C01"]
[NIC "FR.01"]
[Time "11:03:35"]
[PlyCount "116"]
[TimeControl "1500+5"]

1. e4 e6 2. d4 d5 3. Bd3 Nf6 4. e5 Nfd7 5. Nf3 Be7 6. a4 c5 7. c3 Nc6 8.
O-O f6 9. exf6 Bxf6 10. Re1 O-O 11. Qc2 h6 12. Rxe6 cxd4 13. Bh7+ Kh8 14.
Rd6 Qe7 15. Rxd5 Nb6 16. Rb5 dxc3 17. bxc3 Qc7 18. Nbd2 a6 19. Rbb1 Nd5 20.
Ba3 Re8 21. Ne4 Bg4 22. Nxf6 Nxf6 23. Bg6 Bxf3 24. gxf3 Re5 25. Bf5 Rae8
26. Rb2 Qa5 27. Be4 Nxe4 28. fxe4 Rxe4 29. Kf1 Qf5 30. Qd1 Qh3+ 31. Kg1
Rg4+ 32. Qxg4 Qxg4+ 33. Kh1 Ne5 34. f4 Qxf4 35. Rg2 Ng4 36. Bc5 Ne3 37. Re1
Qf3 38. Bxe3 Rxe3 39. Rxe3 Qxe3 40. Rg3 Qe4+ 41. Kg1 Qxa4 42. Rf3 b5 43.
Kg2 b4 44. cxb4 Qxb4 45. h3 a5 46. Re3 a4 47. Re2 a3 48. Re8+ Kh7 49. Re2
Qb2 50. Kf3 Qxe2+ 51. Kxe2 a2 52. Kf3 a1=Q 53. Kg2 Kg6 54. Kh2 Kg5 55. Kg2
Kf4 56. Kf2 Qb2+ 57. Kf1 Kf3 58. Kg1 Qg2# { White checkmated } 0-1

[Event "ICC tourney 2533 (25 5)"]
[Site "Internet Chess Club"]
[Date "2021.04.25"]
[Round "5"]
[White "LEDDY, GRADY:K09-16041431"]
[Black "KALOUDIS, SEAN:K09-15106731"]
[Result "0-1"]
[ICCResult "White checkmated"]
[WhiteElo "1091"]
[BlackElo "1714"]
[Opening "Sicilian: closed"]
[ECO "B23"]
[NIC "SI.44"]
[Time "11:03:29"]
[PlyCount "56"]
[TimeControl "1500+5"]

1. e4 c5 2. Nc3 d6 3. f4 g6 4. Nf3 Bg7 5. Bc4 e6 6. d3 Nc6 7. Be3 Nge7 8.
O-O d5 9. exd5 exd5 10. Bxc5 dxc4 11. Bxe7 Nxe7 12. dxc4 Qb6+ 13. Kh1 O-O
14. Na4 Qc7 15. Rc1 Qxc4 16. b3 Qc7 17. Ng5 b5 18. Qe1 bxa4 19. bxa4 Bb7
20. Qh4 h6 21. Nf3 Nf5 22. Qh3 Rae8 23. Nh4 Nxh4 24. Qxh4 Re2 25. Rf2 Rfe8
26. Rxe2 Rxe2 27. Rg1 Bd4 28. Rd1 Bxg2# { White checkmated } 0-1